 Dungeon Crawl Stone Soup version 0.31-a0-875-g02e7d12df6 (webtiles) character file.

Game seed: 2927347499926753191

201 LeprechaunX the Changeling (level 5, 0/35 HPs)
             Began as an Octopode Shapeshifter on Oct 12, 2023.
             Succumbed to a killer bee's poison
             ... on level 4 of the Dungeon.
             The game lasted 00:02:31 (1917 turns).

LeprechaunX the Changeling (Octopode Shapeshifter)  Turns: 1917, Time: 00:02:32

Health: 0/35       AC:  1    Str: 16    XL:     5   Next: 79%
Magic:  5/5        EV: 13    Int: 12    God:
Gold:   138        SH:  0    Dex: 11    Spells: 4/4 levels left

rFire   . .          .
                       - Unarmed
rCold   . . .        (no shield)
rNeg    . . .        (helmet currently unavailable)
rPois   .            (no amulet)
rElec   .            (no ring)
rCorr   .            (no ring)
SInv    .            (no ring)
Will    .....        (no ring)
Stlth   ++           (no ring)
HPRegen 0.25/turn    (no ring)
MPRegen 0.09/turn    (no ring)
                     (no ring)

%: no passive effects
@: lethally poisoned (0 -> -10), beast-form
A: beast (slay +2), almost no armour, amphibious, 8 rings, camouflage 1,
gelatinous body 1, (nimble swimmer 1), tentacles
a: Begin Untransformation


You were on level 4 of the Dungeon.
You were a hulking beast.
You visited 1 branch of the dungeon, and saw 4 of its levels.

You collected 138 gold pieces.

Inventory:

Hand Weapons
 a - a +0 sling
Jewellery
 h - an amulet of magic regeneration
 q - a ring of magical power
Talismans
 b - a beast talisman (active)
 c - a flux talisman
Wands
 l - a wand of roots (14) (quivered)
Scrolls
 f - a scroll of noise {unknown}
 g - a scroll of torment {unknown}
 j - a scroll of fog {unknown}
 m - 2 scrolls of enchant armour {unknown}
 o - a scroll of identify {unknown}
 p - a scroll of vulnerability {unknown}
Potions
 d - a potion of magic
 e - a potion of heal wounds {unknown}
 i - a potion of attraction {unknown}
 k - 3 potions of lignification
 n - a potion of curing {unknown}


   Skills:
 + Level 2.4 Fighting
 + Level 3.0 Dodging
 + Level 3.8 Unarmed Combat
 + Level 1.1 Evocations
 * Level 4.2 Shapeshifting


You had 4 spell levels left.
You didn't know any spells.
Your spell library contained the following spells:

 Spells                   Type           Power      Damage    Failure   Level
 Tukima's Dance           Hex            0%         N/A       69%         3
 Brom's Barrelling Bould  Conj/Erth      0%         2d3       97%         4
 Passage of Golubria      Tloc           0%         N/A       97%         4
 Fireball                 Conj/Fire      0%         3d3       100%        5
 Iskenderun's Battlesphe  Conj           0%         2d6       100%        5
 Yara's Violent Unravell  Hex/Tmut       0%         3d3       100%        5
 Conjure Ball Lightning   Conj/Air       0%         3x3d6     100%        6
 Orb of Destruction       Conj           0%         9d5       100%        7


Dungeon Overview and Level Annotations

Branches:
Dungeon (4/15)
 Temple: D:4-7

Altars:


Innate Abilities, Weirdness & Mutations

You are a hulking beast.
Your limbs bulge with bestial killing power. (Slay +2)
You cannot wear most types of armour.
You are amphibious.
You can wear up to eight rings at the same time.
Your skin changes colour to match your surroundings (Stealth+).
Your rubbery body absorbs attacks. (AC +1, EV +1)
((You are camouflaged when in or above water. (Stealth+)))
You have tentacles for arms and can constrict up to eight enemies at once.


Message History

The killer bee stings you. The killer bee barely misses you.
Attack: -) Tentacles
Press: ? - help, Dir - move target, f - killer bee
Aim: a killer bee (moderately wounded, about 60% to evade your tentacles)
Okay, then.
Aiming: Fastroot
Press: ? - help, Q - select action Shift-Dir - straight line, f - killer bee
Aim: a killer bee (moderately wounded)
The roots erupt in riotous growth!
Roots grab the killer bee.
Roots grab the killer bee.
The grasping roots constrict the killer bee. x2
You hear a shout!
You hear a bark!
You hear a shout!
The killer bee stings you. The killer bee barely misses you.
You tentacle-slap the killer bee.
The killer bee is severely wounded.
The grasping roots constrict the killer bee!
You kill the killer bee!
The grasping roots constrict the killer bee!
The killer bee stings you.
Your Shapeshifting skill increases to level 4!
You have reached level 5!
You feel stronger.
You closely miss the killer bee. Your grab misses the killer bee.
The grasping roots constrict the killer bee.
You kill the killer bee!
The killer bee stings you but does no damage.
A jackal comes into view.
The killer bee closely misses you.
Your Dodging skill increases to level 3!
Your Evocations skill increases to level 1!
You tentacle-slap the killer bee. Your grab misses the killer bee.
The killer bee is lightly wounded.
The killer bee stings you. The killer bee stings you!
* * * LOW HITPOINT WARNING * * *
You are lethally poisoned!
The killer bee poisons you!
Unknown command.
It was a potion of magic.
Magic courses through your body.
You die...

#. .. #. ### yg #.. #.
### # #.. ..####.
...##.###.#
..h...g###♣♣ ♣.....<...
#...†yh..♣♣♣♣#.##.###.#
#.######.......##.# #.#
#.##.......# #..
#.##)##.#### ### .
#.##.....#
..#####.#####..####
........###.......#
...............##....
.♣.♣....###.##.## ...


You could see a killer bee, a jackal and a goblin.

Vanquished Creatures
  2 killer bees (D:4)
  An iguana (D:3)
  2 adders (D:2)
  2 worms (D:2)
  2 dart slugs (D:1)
  An orc (D:2)
  5 endoplasms
  2 giant cockroaches
  9 hobgoblins
  2 quokkas
  4 ball pythons
  9 bats
  2 frilled lizards
  6 goblins
  7 rats
56 creatures vanquished.

Notes
Turn   | Place    | Note
-------+----------+-------------------------------------------
     0 | D:1      | LeprechaunX the Octopode Shapeshifter began the quest for
                  | the Orb.
     0 | D:1      | Reached XP level 1. HP: 13/13 MP: 1/1
    48 | D:1      | Found a faded altar of an unknown god.
    59 | D:1      | Reached XP level 2. HP: 17/18 MP: 2/2
   277 | D:1      | Reached XP level 3. HP: 23/23 MP: 3/3
   734 | D:2      | Reached XP level 4. HP: 25/29 MP: 4/4
  1915 | D:4      | Reached skill level 4 in Shapeshifting
  1915 | D:4      | Reached XP level 5. HP: 16/34 MP: 5/5
  1916 | D:4      | Reached skill level 1 in Evocations
  1917 | D:4      | Succumbed to a killer bee's poison

Illustrated notes

Levels and vault maps discovered:
D:1:      lightli_arrival_noodles, layout_basic,
          hellmonk_ecumenical_altar_arch_garden, minmay_misc_feat_tower,
          minmay_misc_feat_enclosed
D:2:      layout_loops_ring, amcnicky_mini_corridor_feature
D:3:      layout_rooms
D:4:      layout_loops_cross, serial_forest, infiniplex_forest_clump_curved,
          infiniplex_forest_straight_2, infiniplex_forest_straight_2,
          infiniplex_forest_lined_2, infiniplex_forest_clump_small,
          infiniplex_forest_end_1, infiniplex_forest_end_double

Skill      XL: |  1  2  3  4  5 |
---------------+----------------+-----
Fighting       | 2 |  2.4
Shapeshifting  | 4 |  4.2
Dodging        | 3 |  3.0
Evocations     | 1 |  1.1
Unarmed Combat | |  3.8

Action                     |  1- 3 |  4- 6 || total
---------------------------+-------+-------++-------
  Melee: Unarmed           |    55 |    46 ||   101
         Tentacles         |     8 |     6 ||    14
         Constrict         |    15 |     7 ||    22
         Punch             |     3 |     1 ||     4
  Evoke: Wand              |       |     1 ||     1
    Use: Potion            |       |     1 ||     1
   Stab: Sleeping          |     9 |     4 ||    13
 Armour: Skin              |    20 |    23 ||    43
  Dodge: Dodged            |    34 |    27 ||    61

Table legend: (Time is in decaauts)
 A = Elapsed time spent in this place.
 B = Non-inter-level travel time spent in this place.
 C = Inter-level travel time spent in this place.
 D = Time resting spent in this place.
 E = Time spent auto-exploring this place.
 F = Levels seen in this place.
 G = Mean time per level.
                   A        B        C        D        E       F      G
               +--------+--------+--------+--------+--------+-----+--------+
         Total |   1910 |   1756 |    154 |      0 |   1420 |   4 |  477.5 |
       Dungeon |   1910 |   1756 |    154 |      0 |   1420 |   4 |  477.5 |
               +--------+--------+--------+--------+--------+-----+--------+

Top non-repeatable levels by time:
     D:2: 824 daAuts
     D:1: 556 daAuts
     D:3: 392 daAuts
     D:4: 136 daAuts
